 Dungeon Crawl Stone Soup version 0.30-a0-359-gd0147acb1a (webtiles) character file.

Game seed: 5352969547932633426

40 oldmanjim the Trooper (level 3, 0/29 HPs)
             Began as a Demonspawn Berserker on Nov 11, 2022.
             Was a Follower of Trog.
             Succumbed to an orc's poison
             ... on level 3 of the Dungeon.
             The game lasted 00:04:59 (1759 turns).

oldmanjim the Trooper (Demonspawn Berserker)        Turns: 1759, Time: 00:04:59

Health: 0/29       AC:  2    Str: 19    XL:     3   Next: 30%
Magic:  3/3        EV: 12    Int:  8    God:    Trog [*.....]
Gold:   120        SH:  0    Dex: 12    Spells: 2/2 levels left

rFire   + . .      SeeInvis .    a - +1 whip (elec)
rCold   . . .      Faith    .    (no shield)
rNeg    . . .      Spirit   .    o - +0 animal skin
rPois   .          Reflect  .    (no helmet)
rElec   .          Harm     .    (no cloak)
rCorr   .          Rampage  .    (no gloves)
Will    .....                    (no boots)
Stlth   +.........               (no amulet)
HPRegen 0.24/turn                n - ring of protection from fire
MPRegen 0.16/turn                (no ring)

@: lethally poisoned (0 -> -2)
A: magic regeneration
a: Renounce Religion, Berserk


You were on level 3 of the Dungeon.
You worshipped Trog.
Trog was aware of your devotion.
You visited 1 branch of the dungeon, and saw 3 of its levels.

You collected 120 gold pieces.

Inventory:

Hand Weapons
 a - a +1 whip of electrocution (weapon)
 b - a +0 sling
 g - a +0 hand axe
Missiles
 e - 11 stones
 l - 4 boomerangs (quivered)
 p - 6 poisoned darts
Armour
 o - a +0 animal skin (worn)
Jewellery
 n - a ring of protection from fire (left hand)
 q - an amulet of faith
 t - a ring of magical power
Wands
 u - a wand of mindburst (11)
Scrolls
 c - 2 scrolls of identify {unknown}
 d - a scroll of fear {unknown}
 f - 2 scrolls of teleportation {unknown}
 s - a scroll of amnesia {unknown}
Potions
 h - a potion of might {unknown}
 i - a potion of ambrosia {unknown}
 j - 2 potions of heal wounds {unknown}
 k - a potion of haste {unknown}
 m - a potion of brilliance {unknown}
 r - 3 potions of berserk rage {unknown}


   Skills:
 + Level 3.5 Fighting
 - Level 2.9(3.0) Axes
 + Level 1.1(2.1) Maces & Flails
 - Level 2.0 Armour
 - Level 2.0 Dodging


You had 2 spell levels left.
You didn't know any spells.
Your spell library was empty.

Dungeon Overview and Level Annotations

Branches:
Dungeon (3/15)

Altars:
Xom


Innate Abilities, Weirdness & Mutations

You regenerate magic rapidly.


Message History

a +0 war axe; an orc corpse You barely miss the orc.
The orc hits you with a +0 dagger.
You closely miss the orc. You completely miss the orc.
You closely miss the orc.
The orc hits you with a +2 short sword of venom.
You are poisoned.
You barely miss the orc.
You feel sick.
You hit the orc but do no damage.
You feel sick.
The orc hits you with a +2 short sword of venom.
You are more poisoned.
You hit the orc. Lightning courses through the orc!
You kill the orc!
Trog accepts your kill.
You feel very sick.
You closely miss the orc.
You feel very sick. The orc hits you but does no damage.
You are too injured to fight recklessly!
You are too injured to fight recklessly!
You are too injured to fight recklessly!
You are too injured to fight recklessly!
You hit the orc but do no damage.
You feel sick. The orc hits you but does no damage.
You barely miss the orc.
You feel sick. The orc closely misses you.
You barely miss the orc.
You feel sick. The orc hits you but does no damage.
You hit the orc.
The orc is heavily wounded.
You feel sick. The orc misses you.
You hit the orc. Lightning courses through the orc!!
You kill the orc!
Trog accepts your kill.
You feel sick.
You hit the orc.
The orc is almost dead.
You feel sick. The orc hits you with a +0 club.
* * * LOW HITPOINT WARNING * * *
You barely miss the orc.
The orc is almost dead.
You die...

#.# ...
#.# #.#
#.# #o#
#o# #@#
#)# #.#
#.# ##
#####.##..
#.....##.#
#.######.#
#.....##.#
#.###.##.#


You could see 2 orcs.

Vanquished Creatures
  A worm (D:2)
  4 dart slugs
  3 orcs (D:3)
  3 endoplasms (D:2)
  A giant cockroach (D:1)
  3 goblins
  A hobgoblin (D:1)
  A quokka (D:2)
  3 bats
  3 frilled lizards (D:2)
  A kobold (D:2)
  2 rats
26 creatures vanquished.

Vanquished Creatures (others)
  4 plants (D:2)
4 creatures vanquished.

Grand Total: 30 creatures vanquished

Notes
Turn   | Place    | Note
-------+----------+-------------------------------------------
     0 | D:1      | oldmanjim the Demonspawn Berserker began the quest for the
                  | Orb.
     0 | D:1      | Reached XP level 1. HP: 18/18 MP: 1/1
   210 | D:1      | Gained mutation: You regenerate magic rapidly. [demonic
                  | ancestry]
   210 | D:1      | Reached XP level 2. HP: 22/24 MP: 2/2
   738 | D:2      | Found a faded altar of an unknown god.
  1336 | D:2      | Found a shimmering altar of Xom.
  1466 | D:2      | Reached XP level 3. HP: 29/29 MP: 3/3
  1699 | D:3      | Reached skill level 1 in Maces & Flails
  1758 | D:3      | HP: 1/29 [orc/+0 club (4)]
  1759 | D:3      | Succumbed to an orc's poison

Illustrated notes

Levels and vault maps discovered:
D:1:      kennysheep_arrival_forest, layout_loops_ring
D:2:      layout_loops_ring, basic_altar, basic_ecumenical_altar,
          chequers_big_river, minmay_heptomino_l4
D:3:      layout_loops_ring, uniq_robin

Skill      XL: |  1  2  3 |
---------------+----------+-----
Armour         | 2 |  2.0
Dodging        | 2 |  2.0
Maces & Flails | 1 |  1.1
Fighting       | |  3.5
Axes           | |  2.9

Action                   || total
-------------------------++-------
Melee: Hand axe          ||    19
       Whip              ||    54
       Punch             ||     1
 Fire: Sling             ||     5
Armor: Animal skin       ||    11
Dodge: Dodged            ||    42

Table legend: (Time is in decaauts)
 A = Elapsed time spent in this place.
 B = Non-inter-level travel time spent in this place.
 C = Inter-level travel time spent in this place.
 D = Time resting spent in this place.
 E = Time spent auto-exploring this place.
 F = Levels seen in this place.
 G = Mean time per level.
                   A        B        C        D        E       F      G
               +--------+--------+--------+--------+--------+-----+--------+
         Total |   1766 |   1644 |    122 |      0 |   1400 |   3 |  588.7 |
       Dungeon |   1766 |   1644 |    122 |      0 |   1400 |   3 |  588.7 |
               +--------+--------+--------+--------+--------+-----+--------+

Top non-repeatable levels by time:
     D:2: 959 daAuts
     D:1: 740 daAuts
     D:3: 65 daAuts
